 Dungeon Crawl Stone Soup version 0.28-a0-845-gfc338a8e3c (webtiles) character file.

Game seed: 15372289378459478971

5 kuralesov1213 the Caller (level 1, -1/13 HPs)
             Began as a Mummy Summoner on Nov 13, 2021.
             Slain by a frilled lizard (3 damage)
             ... on level 1 of the Dungeon.
             The game lasted 00:14:56 (691 turns).

kuralesov1213 the Caller (Mummy Summoner)            Turns: 691, Time: 00:14:57

Health: -1/13      AC:  2    Str: 11    XL:     1   Next: 66%
Magic:  4/4        EV: 12    Int: 14    God:
Gold:   11         SH:  0    Dex: 12    Spells: 4/5 levels left

rFire   x . .      SeeInvis .   (no weapon)
rCold   + . .      Faith    .   (no shield)
rNeg    + + +      Spirit   .   a - +0 robe
rPois   ∞          Reflect  .   (no helmet)
rElec   .          Harm     .   (no cloak)
rCorr   .          Rampage  .   (no gloves)
Will    .....                   (no boots)
Stlth   ++........              (no amulet)
HPRegen 0.04/turn               (no ring)
MPRegen 0.09/turn               (no ring)

@: no status effects
A: cold resistance 1, negative energy resistance 3, torment resistance 2, heat
vulnerability 1, no potions
a: no special abilities


You were on level 1 of the Dungeon.
You visited 1 branch of the dungeon, and saw 1 of its levels.

You collected 11 gold pieces.

Inventory:

Armour
 a - a +0 robe (worn)
Scrolls
 b - a scroll of noise {unknown}
Potions
 c - a potion of curing {unknown}
 d - a potion of might {unknown}


   Skills:
 + Level 1.8 Dodging
 + Level 1.5 Stealth
 + Level 2.6 Spellcasting
 + Level 3.4 Summonings


You had 4 spell levels left.
You knew the following spells:

 Your Spells              Type           Power      Damage    Failure   Level
a - Summon Small Mammal   Summ           44%        N/A       5%          1

Your spell library contained the following spells:

 Spells                   Type           Power      Damage    Failure   Level
 Call Imp                 Summ           11%        N/A       9%          2
 Call Canine Familiar     Summ           11%        N/A       17%         3
 Summon Guardian Golem    Hex/Summ       6%         N/A       32%         3
 Summon Lightning Spire   Summ/Air       6%         N/A       73%         4


Dungeon Overview and Level Annotations

Branches:
Dungeon (1/15)

Altars:


Innate Abilities, Weirdness & Mutations

You are immune to poison.
Your flesh is cold resistant. (rC+)
You are immune to negative energy. (rN+++)
You are immune to unholy pain and torment.
You are vulnerable to heat. (rF-)
You do not drink.


Message History

Unknown command.
Unknown command.
Unknown command.
Unknown command.
A bat comes into view.
The bat moves out of view.
The frilled lizard hisses angrily.
A ball python comes into view.
You barely miss the frilled lizard. The frilled lizard closely misses you.
You miss the frilled lizard. The frilled lizard bites you.
You hit the frilled lizard but do no damage.
The bat barely misses you. The ball python barely misses you.
The ball python closely misses you. The frilled lizard barely misses you.
The bat barely misses you. The ball python misses you.
The ball python grabs you. The ball python constricts you.
You escape the ball python's grasp.
You barely miss the frilled lizard. The bat closely misses you.
The frilled lizard bites you. The ball python closely misses you.
The ball python grabs you. The ball python constricts you.
You escape the ball python's grasp.
The bat hits you but does no damage.
You closely miss the bat. The bat barely misses you.
The frilled lizard barely misses you.
You closely miss the ball python. The bat hits you but does no damage.
The ball python misses you. The ball python grabs you.
The ball python constricts you. The frilled lizard barely misses you.
The ball python completely misses you. The ball python constricts you.
You escape the ball python's grasp.
The bat barely misses you.
You closely miss the frilled lizard.
The frilled lizard hisses.
The frilled lizard barely misses you. The bat hits you but does no damage.
The ball python closely misses you. The ball python grabs you.
The ball python constricts you.
You hit the bat but do no damage. The bat hits you but does no damage. x2
The frilled lizard bites you. The ball python bites you.
* * * LOW HITPOINT WARNING * * *
The ball python constricts you.
* * * LOW HITPOINT WARNING * * *
You escape the ball python's grasp.
The bat hits you but does no damage. The frilled lizard bites you.
You die...

..........≈≈≈####≈≈≈...##. ...#
..........≈≈8≈≈≈≈8≈≈...# ####..#
..........≈8)≈≈≈≈≈8≈..####.....##
..........≈≈≈≈≈≈≈≈≈≈#####.......#
##..###...........######.........
.................................
..................#####....!.....
.......#.......)[................
#####..#........@lS..............
#...#........................#
#.#.#.......b.................
#.#..............####...).....
#....#.........### #.........
#....###.#>###..## #...........
....## #...##..## #.#.........
.### ##..##.## #.##.......#
...... # ##.....##


You could see a bat, a ball python and a frilled lizard.

Vanquished Creatures
  A bat (D:1)
  A goblin (D:1)
  A hobgoblin (D:1)
  A kobold (D:1)
4 creatures vanquished.

Notes
Turn   | Place    | Note
-------+----------+-------------------------------------------
     0 | D:1      | kuralesov1213 the Mummy Summoner began the quest for the
                  | Orb.
     0 | D:1      | Reached XP level 1. HP: 13/13 MP: 4/4
   691 | D:1      | Slain by a frilled lizard

Illustrated notes

Levels and vault maps discovered:
D:1:      lightli_arrival_boilingwater, layout_rooms

Action                   || total
-------------------------++-------
Melee: Unarmed           ||    52
Armor: Robe              ||    28
Dodge: Dodged            ||    67

Table legend: (Time is in decaauts)
 A = Elapsed time spent in this place.
 B = Non-inter-level travel time spent in this place.
 C = Inter-level travel time spent in this place.
 D = Time resting spent in this place.
 E = Time spent auto-exploring this place.
 F = Levels seen in this place.
 G = Mean time per level.
                   A        B        C        D        E       F      G
               +--------+--------+--------+--------+--------+-----+--------+
         Total |    733 |    474 |    259 |    168 |      0 |   1 |  733.0 |
       Dungeon |    733 |    474 |    259 |    168 |      0 |   1 |  733.0 |
               +--------+--------+--------+--------+--------+-----+--------+

Top non-repeatable levels by time:
     D:1: 733 daAuts
